 Dungeon Crawl Stone Soup version 0.24.0-125-gc4c63601f3 (webtiles) character file.

Game seed: 15156842063871677209, levelgen mode: deterministic

414 nightchill the Chopper (level 6, -3/57 HPs)
             Began as a Hill Orc Fighter on Mar 21, 2020.
             Slain by Nebesus's ghost (12 damage)
             ... on level 3 of the Dungeon.
             The game lasted 00:07:58 (3941 turns).

nightchill the Chopper (Hill Orc Fighter)           Turns: 3941, Time: 00:07:59

Health: -3/57      AC:  6    Str: 21    XL:     6   Next: 91%
Magic:  6/6        EV:  7    Int:  8    God:
Gold:   101        SH:  9    Dex: 10    Spells: 5/5 levels left

rFire    . . .     SeeInvis .   a - +0 war axe
rCold    . . .     Gourm    .   c - +0 shield
rNeg     . . .     Faith    .   b - +0 scale mail
rPois    .         Spirit   .   (no helmet)
rElec    .         Reflect  .   (no cloak)
rCorr    .         Harm     .   (no gloves)
MR       .....                  (no boots)
Stlth    ..........             (no amulet)
HPRegen  0.19/turn              (no ring)
MPRegen  0.10/turn              (no ring)

@: no status effects
A: no striking features
a: no special abilities


You were on level 3 of the Dungeon.
You were very hungry.

You visited 1 branch of the dungeon, and saw 3 of its levels.

You collected 101 gold pieces.

Inventory:

Hand Weapons
 a - a +0 war axe (weapon)
 q - a cursed -3 hand crossbow
Missiles
 h - 117 stones (quivered)
Armour
 b - a +0 scale mail (worn)
 c - a +0 shield (worn)
Jewellery
 d - an uncursed ring of see invisible
 g - a cursed ring of attention {unknown}
 k - an uncursed ring of positive energy {unknown}
Scrolls
 e - a scroll of identify
 i - 8 scrolls of teleportation {unknown}
 j - 2 scrolls of magic mapping {unknown}
 l - a scroll of random uselessness {unknown}
 m - a scroll of fog {unknown}
 o - a scroll of amnesia {unknown}
 p - 2 scrolls of enchant armour {unknown}
Potions
 n - a potion of magic
Comestibles
 f - 6 rations


   Skills:
 + Level 5.9 Fighting
 * Level 7.9 Axes
 - Level 3.2 Armour
 - Level 3.2 Shields


You had 5 spell levels left.
You didn't know any spells.
Your spell library was empty.

Dungeon Overview and Level Annotations

Branches:
Dungeon (3/15)

Altars:
Trog
Wu Jian

Annotations:
D:3 Nebesus's ghost, amateur DrFi


Message History

Nebesus's ghost is almost destroyed.
Nebesus's ghost hits you. Nebesus's ghost hits you!
Your shield prevents you from hitting Nebesus's ghost.
Nebesus's ghost is almost destroyed.
Nebesus's ghost hits you.
* * * LOW HITPOINT WARNING * * *
You hit Nebesus's ghost.
Nebesus's ghost is almost destroyed.
Nebesus's ghost hits you!
* * * LOW HITPOINT WARNING * * *
You hit Nebesus's ghost.
Nebesus's ghost is almost destroyed.
You block Nebesus's ghost's attack.
You barely miss Nebesus's ghost.
Nebesus's ghost is almost destroyed.
You block Nebesus's ghost's attack.
You closely miss Nebesus's ghost.
Nebesus's ghost is almost destroyed.
Nebesus's ghost hits you!
You die...

#§§§# #§§§# #######W####
#......@...#
#..........#
#..........#
#........<.#
#..........###
#............#######
#..................#####
#..........#..#.........
#..........##.#.........


You could see Nebesus's ghost.

Vanquished Creatures
  An orc priest (D:3)
  Terence (D:3)
  Natasha (thrice) (D:2)
  An iguana (D:3)
  10 gnolls (D:3)
  6 adders
  An ooze (D:3)
  4 worms (D:2)
  3 dart slugs
  4 leopard geckos
  6 orcs (D:3)
  4 ball pythons (D:3)
  5 giant cockroaches
  9 goblins
  6 hobgoblins
  3 jackals (D:2)
  12 kobolds
  7 bats
  2 frilled lizards
  7 rats
95 creatures vanquished.

Notes
Turn   | Place    | Note
-------+----------+-------------------------------------------
     0 | D:1      | nightchill the Hill Orc Fighter began the quest for the
                  | Orb.
     0 | D:1      | Reached XP level 1. HP: 19/19 MP: 1/1
   125 | D:1      | Reached skill level 3 in Axes
   155 | D:1      | Reached XP level 2. HP: 18/27 MP: 2/2
   608 | D:1      | Reached skill level 4 in Axes
   681 | D:1      | Reached XP level 3. HP: 33/33 MP: 3/3
  1081 | D:2      | Noticed Natasha
  1096 | D:2      | Killed Natasha
  1096 | D:2      | Reached skill level 5 in Axes
  1096 | D:2      | Reached XP level 4. HP: 14/41 MP: 4/4
  1160 | D:2      | Noticed Natasha
  1173 | D:2      | Killed Natasha
  1429 | D:2      | Noticed Natasha
  1437 | D:2      | Killed Natasha
  1437 | D:2      | Reached XP level 5. HP: 31/47 MP: 5/5
  1746 | D:2      | Reached skill level 5 in Fighting
  1746 | D:2      | Reached skill level 6 in Axes
  2075 | D:2      | Noticed a moth of wrath
  2078 | D:2      | Found a bloodstained altar of Trog.
  2362 | D:3      | Noticed Terence
  2373 | D:3      | Killed Terence
  2528 | D:3      | Reached XP level 6. HP: 44/56 MP: 6/6
  2740 | D:3      | Found a runed translucent door.
  2799 | D:3      | Reached skill level 7 in Axes
  3808 | D:3      | Noticed Nebesus's ghost (amateur DrFi)
  3839 | D:3      | Found an ornate altar of the Wu Jian Council.
  3941 | D:3      | Slain by Nebesus's ghost

Levels and vault maps discovered:
D:1:      lordsloth_arrival_two_stooges, layout_basic
D:2:      layout_basic, first_ration, minmay_misc_feat_pillars,
          kennysheep_crisscross, tgw_trog, uniq_natasha
D:3:      layout_rooms, lemuel_crystal_altar, ebering_ghost_inner_flame,
          minmay_puff, uniq_terence

Skill      XL: |  1  2  3  4  5  6 |
---------------+-------------------+-----
Axes           | 3 4 5 6 7 |  7.9
Fighting       | 4 5 |  5.9
Armour         | |  3.2
Shields        | |  3.2

Action                   |  1- 3 |  4- 6 || total
-------------------------+-------+-------++-------
Melee: War axe           |    78 |   260 ||   338
  Use: Potion            |       |     3 ||     3
       Scroll            |       |     1 ||     1
  Eat: Chunk             |     1 |     8 ||     9
Armor: Scale mail        |    50 |   102 ||   152
Dodge: Dodged            |    33 |    68 ||   101
Block: Shield            |    39 |   130 ||   169
